 Dungeon Crawl Stone Soup version 0.28.0-53-g5a82cb258f (webtiles) character file.

Game seed: 1168717791423440817

1868 Labrat the Conjurer (level 8, -4/68 HPs)
             Began as a Demigod Conjurer on July 30, 2022.
             Slain by a killer bee (8 damage)
             ... on level 7 of the Dungeon.
             The game lasted 00:11:57 (7979 turns).

Labrat the Conjurer (Demigod Conjurer)              Turns: 7979, Time: 00:11:58

Health: -4/68      AC:  5    Str:  8    XL:     8   Next: 59%
Magic:  21/21      EV: 12    Int: 28    God:
Gold:   357        SH:  0    Dex: 12    Spells: 12/19 levels left

rFire   + . .      SeeInvis .   o - +2 whip (elec)
rCold   . . .      Faith    .   (no shield)
rNeg    . . .      Spirit   .   y - +0 robe {rF+}
rPois   .          Reflect  .   x - +1 helmet
rElec   .          Harm     .   (no cloak)
rCorr   .          Rampage  .   (no gloves)
Will    .....                   w - +0 pair of boots
Stlth   ++........              (no amulet)
HPRegen 0.21/turn               (no ring)
MPRegen 0.17/turn               (no ring)

@: lethally poisoned (-4 -> -18)
A: high MP 1, forlorn, divine attributes
a: no special abilities


You were on level 7 of the Dungeon.
You visited 2 branches of the dungeon, and saw 8 of its levels.

You collected 357 gold pieces.

Inventory:

Hand Weapons
 o - a +2 whip of electrocution (weapon)
Missiles
 m - 18 poisoned darts
Armour
 w - a +0 pair of boots (worn)
 x - a +1 helmet (worn)
 y - a +0 robe of fire resistance (worn)
Wands
 n - a wand of paralysis (6)
Scrolls
 c - 2 scrolls of fog
 f - a scroll of holy word
 g - a scroll of amnesia
 l - a scroll of enchant armour
 p - a scroll of fear
 r - a scroll of blinking
 s - a scroll of immolation
 t - a scroll of teleportation
 B - a scroll of brand weapon {unknown}
Potions
 b - a potion of ambrosia {unknown}
 d - a potion of berserk rage {unknown}
 e - a potion of brilliance {unknown}
 h - 2 potions of lignification
 i - 2 potions of mutation {unknown}
 j - 2 potions of attraction {unknown}
 k - a potion of cancellation {unknown}
 q - 2 potions of haste {unknown}
 u - a potion of curing {unknown}
 v - 3 potions of degeneration {unknown}
 z - 2 potions of might {unknown}
 A - a potion of invisibility {unknown}


   Skills:
 - Level 5.0 Fighting
 - Level 1.7 Dodging
 - Level 1.7 Stealth
 + Level 6.2 Spellcasting
 + Level 7.5 Conjurations


You had 12 spell levels left.
You knew the following spells:

 Your Spells              Type           Power      Damage    Failure   Level
a - Magic Dart            Conj           100%       1d8       1%          1
b - Searing Ray           Conj           100%       2d8       1%          2
c - Iskenderun's Mystic   Conj/Tloc      29%        2d7       13%         4

Your spell library contained the following spells:

 Spells                   Type           Power      Damage    Failure   Level
 Dazzling Flash           Conj/Hex       58%        N/A       3%          3
 Ensorcelled Hibernation  Hex/Ice        16%        N/A       9%          2
 Passwall                 Tmut/Erth      6%         N/A       9%          2
 Fulminant Prism          Conj/Hex       14%        3d9       13%         4
 Sticky Flame             Conj/Fire      29%        2d5       13%         4
 Inner Flame              Hex/Fire       8%         N/A       19%         3
 Summon Guardian Golem    Hex/Summ       8%         N/A       19%         3
 Swiftness                Air            8%         N/A       19%         3
 Tukima's Dance           Hex            8%         N/A       19%         3
 Anguish                  Hex/Necr       4%         N/A       52%         4
 Summon Mana Viper        Hex/Summ       8%         N/A       86%         5
 Orb of Destruction       Conj           25%        9d9       93%         7
 Spellforged Servitor     Conj/Summ      14%        N/A       100%        7
 Ignition                 Fire           4%         3d4       100%        8


Dungeon Overview and Level Annotations

Branches:
Dungeon (7/15)             Temple (1/1) D:4

Annotations:
D:6 Prince Ribbit


Innate Abilities, Weirdness & Mutations

You have an increased reservoir of magic. (+10% MP)
You shall have no god before yourself.
Your divine heritage dramatically boosts your attributes as you level up.


Message History

The searing ray hits the killer bee.
The killer bee is almost dead.
The searing ray misses the killer bee.
You feel very sick.
You hear an angry buzzing noise. x2
The killer bee misses you. The killer bee stings you.
You are more poisoned.
The killer bee poisons you!
The searing ray misses the killer bee.
The searing ray hits the killer bee!
The killer bee is almost dead.
You finish channelling your searing ray.
You feel very sick. The killer bee stings you. x2
You are lethally poisoned!
The killer bee poisons you!
Casting: Searing Ray (safe; 1% risk of failure)
Confirm with . or Enter, or press ? or * to list all spells.
Aiming: Searing Ray (safe; 1% risk of failure)
Press: ? - help, Shift-Dir - straight line, f - killer bee
Aim: a killer bee (almost dead, 65% to hit)
The searing ray hits the killer bee!
You kill the killer bee!
The searing ray hits the killer bee!
You kill the killer bee! (Press . to maintain the ray.)
* * * LOW HITPOINT WARNING * * *
You feel extremely sick.
A killer bee comes into view.
The searing ray hits the killer bee!
The killer bee is severely wounded.
* * * LOW HITPOINT WARNING * * *
You feel very sick.
A killer bee comes into view.
The killer bee barely misses you. The killer bee stings you.
* * * LOW HITPOINT WARNING * * *
It was a potion of magic.
Magic courses through your body.
* * * LOW HITPOINT WARNING * * *
You feel very sick. The killer bee closely misses you.
The killer bee stings you!
You die...

########..#
#.........#
#.######.##
#.#
#.######.#
#.....(..#
########.##
#.#.##
#.###@# #.#
##y# ..#
#y. #.# ###
#. #


You could see 2 killer bees.

Vanquished Creatures
  Duvessa (D:6)
  2 black bears (D:6)
  An ice beast (D:7)
  3 ogres
  2 phantoms (D:5)
  Blork the orc (D:6)
  A bullfrog (D:7)
  A wyvern skeleton (D:5)
  Dowan (D:6)
  3 killer bees (D:7)
  3 wights (D:7)
  An orc priest (D:5)
  2 hounds
  5 jellies
  3 iguanas
  An orc wizard (D:5)
  A hound zombie (D:3)
  2 hound skeletons
  A howler monkey zombie (D:5)
  4 gnolls (D:5)
  8 adders
  4 ufetubi
  A worm (D:4)
  A dart slug (D:3)
  10 orcs
  4 bats
  8 endoplasms
  3 giant cockroaches
  5 goblins
  5 hobgoblins
  3 jackals (D:3)
  A quokka (D:4)
  7 ball pythons
  2 frilled lizards
  7 kobolds
  6 rats
114 creatures vanquished.

Vanquished Creatures (others)
  A quokka (D:4)
1 creature vanquished.

Grand Total: 115 creatures vanquished

Notes
Turn   | Place    | Note
-------+----------+-------------------------------------------
     0 | D:1      | Labrat the Demigod Conjurer began the quest for the Orb.
     0 | D:1      | Reached XP level 1. HP: 14/14 MP: 5/5
   958 | D:2      | Reached XP level 2. HP: 20/20 MP: 3/7
  1170 | D:2      | Reached skill level 4 in Conjurations
  1378 | D:2      | Reached XP level 3. HP: 26/26 MP: 2/9
  1383 | D:2      | Identified the +4 scale mail "Myfuip" {Will+ SInv}
  2405 | D:3      | Learned a level 2 spell: Searing Ray
  2573 | D:3      | Reached XP level 4. HP: 33/33 MP: 5/11
  2916 | D:3      | Noticed an ogre
  3723 | D:4      | Reached XP level 5. HP: 38/38 MP: 9/13
  3927 | D:4      | Reached skill level 5 in Conjurations
  4094 | D:4      | Got the Handbook of Ignition and Enchantment
  4118 | D:4      | Noticed a necrophage
  4341 | D:4      | Found a staircase to the Ecumenical Temple.
  4422 | Temple   | Entered the Ecumenical Temple
  4747 | D:5      | Entered Level 5 of the Dungeon
  4866 | D:5      | Got the Volume of Enchanting Arcane Weapons
  4898 | D:5      | Reached XP level 6. HP: 45/45 MP: 8/15
  5157 | D:5      | Reached skill level 6 in Conjurations
  5749 | D:5      | Reached XP level 7. HP: 50/50 MP: 11/17
  5766 | D:5      | Reached skill level 5 in Spellcasting
  6363 | D:6      | Reached skill level 1 in Fighting
  6736 | D:6      | Noticed Duvessa
  6736 | D:6      | Noticed Dowan
  6746 | D:6      | Killed Dowan
  6759 | D:6      | Killed Duvessa
  6828 | D:6      | Learned a level 4 spell: Iskenderun's Mystic Blast
  6836 | D:6      | Noticed Prince Ribbit
  7258 | D:6      | Noticed Blork the orc
  7263 | D:6      | Killed Blork the orc
  7368 | D:6      | Found the +6 lightning scales {swift, rElec}
  7374 | D:6      | Reached skill level 5 in Fighting
  7374 | D:6      | Reached XP level 8. HP: 63/68 MP: 10/19
  7640 | D:7      | Got Bourasu's Papyrus of the Oath
  7692 | D:7      | Reached skill level 7 in Conjurations
  7791 | D:7      | Noticed a gargoyle
  7979 | D:7      | Slain by a killer bee

Illustrated notes

Levels and vault maps discovered:
D:1:      saegor_arrival_simple_d, layout_basic,
          dreamdust_ecumenical_altar_angels_and_demons,
          chequers_serial_rivers_marsh
D:2:      layout_basic, minmay_cupped
D:3:      layout_loops_corners, minmay_bisected
D:4:      layout_loops_ring, kennysheep_orc_sif_temple, elyvilon_altar_4,
          minmay_temple_entry_enclosed_plants
D:5:      layout_layer_cave
D:6:      layout_loops_ring, nemelex_diamond_rough_becter, uniq_prince_ribbit1,
          uniq_duvessa, uniq_blork_the_orc
D:7:      layout_loops_ring, grunt_potential
Temple:   nicolae_temple_figure_eight

Skill      XL: |  1  2  3  4  5  6  7  8 |
---------------+-------------------------+-----
Spellcasting   | 2 3 4 5 6 |  6.2
Conjurations   | 4 5 6 7 |  7.5
Fighting       | 5 |  5.0
Dodging        | |  1.7
Stealth        | |  1.7

Action                   |  1- 3 |  4- 6 |  7- 9 || total
-------------------------+-------+-------+-------++-------
Melee: Whip              |       |     4 |    13 ||    17
 Cast: Magic Dart        |    83 |   113 |    38 ||   234
       Searing Ray       |       |    10 |    19 ||    29
Evoke: Wand              |       |       |     2 ||     2
  Use: Scroll            |       |       |     9 ||     9
       Potion            |       |       |     1 ||     1
 Stab: Paralysed         |       |       |    10 ||    10
Armor: Robe              |     3 |     2 |     5 ||    10
Dodge: Dodged            |    11 |     6 |    21 ||    38
